 Dungeon Crawl Stone Soup version 0.31-a0-237-g2d982f9f85 (webtiles) character file.

Game seed: 7395541191311002428

35 freelancePsychic the Magician (level 3, 0/27 HPs)
             Began as a Djinni Air Elementalist on July 11, 2023.
             Killed by their own static electricity (1 damage)
             ... on level 1 of the Dungeon.
             The game lasted 00:01:44 (1028 turns).

freelancePsychic the Magician (DjAE)                Turns: 1028, Time: 00:01:45

Health: 0/27       AC:  2    Str:  7    XL:     3   Next: 52%
Gold:   83         EV: 12    Int: 18    God:
                   SH:  0    Dex: 13

rFire   + + .        (no weapon)
rCold   x . .        (no shield)
rNeg    . . .        a - +0 robe
rPois   ∞            (no helmet)
rElec   .            (no cloak)
rCorr   .            (no gloves)
SInv    .            (boots unavailable)
Will    .....        (no amulet)
Stlth   ++           (no ring)
HPRegen 0.24/turn    (no ring)
MPRegen 0.00/turn

%: infuse magic (-1 HP)
@: flying
A: sickness immunity, fire resistance 2, cold vulnerability 1, float, innate
caster, HP casting, extra vitality 1
a: no special abilities


You were on level 1 of the Dungeon.
You visited 1 branch of the dungeon, and saw 1 of its levels.

You collected 83 gold pieces.

Inventory:

Armour
 a - a +0 robe (worn)
Scrolls
 b - a scroll of noise {unknown}
 c - 2 scrolls of teleportation {unknown}
 d - a scroll of enchant weapon {unknown}


   Skills:
 + Level 1.2 Fighting
 - Level 2.1 Dodging
 + Level 2.1 Stealth
 * Level 3.4 Spellcasting
 * Level 3.4 Conjurations
 * Level 3.4 Hexes
   Level 0.0 Charms
 * Level 3.4 Summonings
 * Level 3.4 Necromancy
 * Level 3.4 Translocations
 * Level 3.4 Transmutations
 * Level 3.4 Fire Magic
 * Level 3.4 Ice Magic
 * Level 3.4 Air Magic
 * Level 3.4 Earth Magic
 * Level 3.4 Poison Magic


You knew the following spells:

 Your Spells              Type           Power      Damage    Failure   Level
a - Shock                 Conj/Air       60%        1d6       3%          1
b - Static Discharge      Conj/Air       30%        2-4/arc   6%          2
c - Swiftness             Air            15%        N/A       12%         3
d - Airstrike             Air            7%         2d(2-18)  36%         4
e - Sandblast             Erth           30%        2d9       3%          1
Your spell library was empty.

Dungeon Overview and Level Annotations

Branches:
Dungeon (1/15)

Altars:


Innate Abilities, Weirdness & Mutations

You are immune to sickness and miasma.
You are immune to poison.
Your flesh is very heat resistant. (rF++)
You are vulnerable to cold. (rC-)
You float through the air rather than walking.
You learn spells naturally, not from books.
Your magical power is your life essence.
You have superior vitality. (+4 MHP)


Message History

The lightning grounds out.
* * * LOW HITPOINT WARNING * * *
The bat closely misses you. The hobgoblin barely misses you.
The bat hits you but does no damage. The hobgoblin misses you.
The bat attacks as you move away! The bat completely misses you.
The bat closely misses you. The bat hits you but does no damage.
You see here a +0 leather armour.
Okay, then.
You aren't carrying any potions.
The bat closely misses you. The bat hits you but does no damage.
The bat hits you.
* * * LOW HITPOINT WARNING * * *
The bat closely misses you. The bat hits you.
* * * LOW HITPOINT WARNING * * *
The bat hits you.
* * * LOW HITPOINT WARNING * * *
The bat barely misses you. The bat closely misses you.
The bat hits you but does no damage. The bat barely misses you.
The bat closely misses you. The bat misses you. The bat closely misses you.
The bat barely misses you. The bat hits you but does no damage.
The bat barely misses you. The bat closely misses you.
The bat closely misses you. The bat hits you.
* * * LOW HITPOINT WARNING * * *
The bat hits you.
* * * LOW HITPOINT WARNING * * *
The bat attacks as you move away! The bat misses you.
The bat attacks as you move away! The bat hits you.
* * * LOW HITPOINT WARNING * * *
The bat barely misses you. The bat hits you but does no damage.
The bat hits you.
* * * LOW HITPOINT WARNING * * *
The bat barely misses you. The bat completely misses you.
The bat barely misses you.
Casting: Static Discharge (safe; 6% risk of failure)
Confirm with . or Enter, or press ? or * to list all spells.
The bat is struck by an arc of lightning.
The bat is severely wounded.
You are struck by an arc of lightning.
You die...

.............#............##.#.#.
.÷...........#....>.....##.......
.............#....##.........#.##
##########################.....#
♣♣♣♣♣♣♣♣♣♣♣♣♣♣♣♣♣♣♣♣♣♣♣♣♣########
..♣..♣.♣♣...♣♣......♣............
♣..♣♣.♣♣.♣♣....♣....♣...♣..######
..♣♣.♣.♣...♣♣...♣♣♣...♣♣..## S..
♣♣...♣♣♣.♣.....b@♣.......#####...
♣♣♣.♣...♣..♣...♣.bS.r.Jw.8.#.#.⌠.
♣.♣♣♣♣♣♣.♣...♣..♣b.♣♣.....[.†††..
.♣...♣.♣♣.♣...♣..............†...
<♣♣♣..♣♣.♣♣......♣♣......8.#.#...
♣..♣♣♣.♣.♣..♣...♣..♣.....#####...
♣.♣.♣♣♣.♣♣...♣..♣♣...♣....## ...
.♣♣...♣.♣..♣..♣♣..♣...♣....######
..♣♣.♣.♣♣..♣♣.♣♣.................


You could see a dart slug, an endoplasm, 3 bats, a ball python and a rat.

Vanquished Creatures
  3 bats (D:1)
  2 endoplasms (D:1)
  2 giant cockroaches (D:1)
  A goblin (D:1)
  4 hobgoblins (D:1)
  2 jackals (D:1)
  A kobold (D:1)
  3 quokkas (D:1)
  8 ball pythons (D:1)
  3 frilled lizards (D:1)
  A rat (D:1)
30 creatures vanquished.

Notes
Turn   | Place    | Note
-------+----------+-------------------------------------------
     0 | D:1      | freelancePsychic the Djinni Air Elementalist began the
                  | quest for the Orb.
     0 | D:1      | freelancePsychic set off with the following spells
                  | memorised: Shock, Static Discharge, Swiftness, Airstrike.
     0 | D:1      | Reached XP level 1. HP: 15/15 MP: 0/0
    90 | D:1      | Found a large runed translucent door.
    91 | D:1      | Found a large runed translucent door.
   197 | D:1      | Reached XP level 2. HP: 19/22 MP: 0/0
   583 | D:1      | Reached XP level 3. HP: 25/26 MP: 0/0
   583 | D:1      | Learned a level 1 spell: Sandblast
   612 | D:1      | Reached skill level 1 in Fighting
  1028 | D:1      | Killed from afar by themself

Illustrated notes

Levels and vault maps discovered:
D:1:      erik_arrival_cave_to_civilisation [erik_arrival_cave_to_temple],
          layout_basic

Skill      XL: |  1  2  3 |
---------------+----------+-----
Spellcasting   | |  3.4
Conjurations   | |  3.4
Hexes          | |  3.4
Summonings     | |  3.4
Necromancy     | |  3.4
Translocations | |  3.4
Transmutations | |  3.4
Fire Magic     | |  3.4
Ice Magic      | |  3.4
Air Magic      | |  3.4
Earth Magic    | |  3.4
Poison Magic   | |  3.4
Fighting       | 1 |  1.2
Stealth        | 2 |  2.1
Dodging        | |  2.1

Action                     || total
---------------------------++-------
   Cast: Shock             ||    43
         Static Discharge  ||     5
         Sandblast         ||     1
 Armour: Robe              ||     7
  Dodge: Dodged            ||    26

Table legend: (Time is in decaauts)
 A = Elapsed time spent in this place.
 B = Non-inter-level travel time spent in this place.
 C = Inter-level travel time spent in this place.
 D = Time resting spent in this place.
 E = Time spent auto-exploring this place.
 F = Levels seen in this place.
 G = Mean time per level.
                   A        B        C        D        E       F      G
               +--------+--------+--------+--------+--------+-----+--------+
         Total |   1028 |   1028 |      0 |      0 |    921 |   1 | 1028.0 |
       Dungeon |   1028 |   1028 |      0 |      0 |    921 |   1 | 1028.0 |
               +--------+--------+--------+--------+--------+-----+--------+

Top non-repeatable levels by time:
     D:1: 1028 daAuts
